 Dungeon Crawl Stone Soup version 0.28.0-53-g5a82cb258f (webtiles) character file.

Game seed: 17051342458109175791

794 Sin92 the Chopper (level 7, -5/55 HPs)
             Began as a Demonspawn Fighter on July 5, 2022.
             Was a Priest of Okawaru.
             Killed by divine providence
             ... invoked by an orc priest
              (16 damage)
             ... on level 5 of the Dungeon.
             The game lasted 00:04:39 (4066 turns).

Sin92 the Chopper (Demonspawn Fighter)              Turns: 4066, Time: 00:04:40

Health: -5/55      AC: 15    Str: 18    XL:     7   Next: 58%
Magic:  7/7        EV:  5    Int:  9    God:    Okawaru [***...]
Gold:   265        SH:  5    Dex: 13    Spells: 6/6 levels left

rFire   . . .      SeeInvis .   a - +0 war axe
rCold   . . .      Faith    +   c - +0 buckler
rNeg    . . .      Spirit   .   j - +1 plate armour
rPois   .          Reflect  .   (no helmet)
rElec   .          Harm     .   (no cloak)
rCorr   .          Rampage  .   (no gloves)
Will    .....                   (no boots)
Stlth   ..........              r - amulet of faith
HPRegen 0.18/turn               (no ring)
MPRegen 0.10/turn               (no ring)

@: no status effects
A: molten scales 2, foul stench 1, demonic magic 1, demonic touch 2
a: Renounce Religion, Heroism


You were on level 5 of the Dungeon.
You worshipped Okawaru.
Okawaru was most pleased with you.
You visited 1 branch of the dungeon, and saw 5 of its levels.

You collected 265 gold pieces.

Inventory:

Hand Weapons
 a - a +0 war axe (weapon)
Armour
 b - a +0 scale mail
 c - a +0 buckler (worn)
 j - a +1 plate armour (worn)
Jewellery
 l - the amulet of Xom's Benevolence {Spirit Rampage Int-2 Dex+5}
   (You found it on level 3 of the Dungeon)

   [amulet of guardian spirit]

   It causes incoming damage to be divided between your reserves of health and
   magic.
   Int:       It affects your intelligence (-2).
   Dex:       It affects your dexterity (+5).
   Rampage:   It bestows one free step when moving towards enemies.
 r - an amulet of faith (around neck)
Wands
 t - a wand of iceblast (8)
Scrolls
 i - 2 scrolls of teleportation
 o - 2 scrolls of enchant armour
 q - a scroll of noise {unknown}
Potions
 d - 2 potions of might
 e - 5 potions of curing
 f - 3 potions of attraction {unknown}
 g - a potion of mutation {unknown}
 h - 2 potions of heal wounds {unknown}
 k - a potion of flight {unknown}
 m - 2 potions of berserk rage
 n - a potion of experience {unknown}
 p - a potion of ambrosia {unknown}
 s - a potion of haste {unknown}


   Skills:
 + Level 4.8 Fighting
 * Level 5.2 Axes
 + Level 4.3 Armour
 + Level 4.3 Shields


You had 6 spell levels left.
You didn't know any spells.
Your spell library contained the following spells:

 Spells                   Type           Power      Damage    Failure   Level
 Ignite Poison            Fire/Tmut/Pois 0%         N/A       100%        3
 Mephitic Cloud           Conj/Pois/Air  0%         N/A       100%        3
 Portal Projectile        Hex/Tloc       0%         N/A       100%        3
 Leda's Liquefaction      Hex/Erth       0%         N/A       100%        4
 Freezing Cloud           Conj/Ice/Air   0%         6-21      100%        5
 Call Canine Familiar     Summ           Unusable   N/A       N/A         3

Dungeon Overview and Level Annotations

Branches:
Dungeon (5/15)
 Temple: D:4-7

Altars:
Fedhas
Hepliaklqana
Makhleb
Okawaru
Qazlal
Ru
Zin

Shops:
D:2 [


Innate Abilities, Weirdness & Mutations

You are mostly covered in molten scales. (AC +3)
You may rarely emit foul miasma when damaged in melee.
Spells you cast may paralyse adjacent enemies.
Your touch may inflict irresistible damage on your foes.


Message History

You slash the orc!
You kill the orc!
Okawaru accepts your kill.
The orc priest mumbles some strange prayers to Beogh against you.
You struggle to resist.
You slash the orc!
You kill the orc!
Okawaru accepts your kill.
The orc priest invokes the aid of Beogh against you.
Pain shoots through your body! The orc hits you but does no damage.
The orc priest invokes the aid of Beogh against you.
Beogh smites you!
The orc wizard points at you and mumbles some strange words.
The magic dart hits you but does no damage.
The orc wizard hits you with a +0 dagger.
You hit the orc wizard.
The orc wizard is moderately wounded.
The orc hits you but does no damage.
The orc wizard hits you but does no damage.
The orc hits you but does no damage.
You slash the orc wizard!
The orc wizard is almost dead.
The orc wizard points at you and mumbles some strange words.
The magic dart hits you!
* * * LOW HITPOINT WARNING * * *
You block the orc's attack. The orc wizard barely misses you.
You barely miss the orc wizard.
The orc wizard is almost dead.
The orc hits you from afar with a +0 trident.
* * * LOW HITPOINT WARNING * * *
The orc wizard hits you but does no damage.
You slash the orc wizard!
You kill the orc wizard!
Okawaru accepts your kill.
Okawaru will now gift you ammunition as you gain piety.
The orc completely misses you. x2
Unknown command.
The orc priest invokes the aid of Beogh against you.
Beogh smites you!
You die...

#......##
......#
#.......#
......#
#.....#.## .#
......#
#.....#..##.#
......#
#.....##.##.#
.?....#
#.....##..#.#
..$.(.#
#.....###.#.#
####......#
#..... #[#.#
#.oo).....#
#..... #.#.#
#@##.......
#...# #.#
......# ##..#
#.# ......#
#..# #.#
#####.#
#..###.# #
#.>....#
########


You could see an orc priest and an orc.

Vanquished Creatures
  Grinder (D:5)
  Sigmund (D:5)
  An ogre (D:3)
  A bullfrog (D:4)
  An orc priest (D:3)
  A centaur skeleton (D:5)
  A jelly (D:4)
  3 orc wizards
  5 adders
  An ufetubus (D:5)
  2 adder skeletons
  2 worms
  A dart slug (D:3)
  8 orcs
  5 endoplasms
  5 giant cockroaches
  12 goblins
  10 hobgoblins
  4 jackals (D:2)
  6 quokkas
  5 ball pythons
  3 bats
  2 frilled lizards (D:3)
  5 kobolds
  A quokka skeleton (D:4)
  4 rats
91 creatures vanquished.

Notes
Turn   | Place    | Note
-------+----------+-------------------------------------------
     0 | D:1      | Sin92 the Demonspawn Fighter began the quest for the Orb.
     0 | D:1      | Reached XP level 1. HP: 18/18 MP: 1/1
    47 | D:1      | Reached skill level 2 in Axes
   223 | D:1      | Gained mutation: Spells you cast may paralyse adjacent
                  | enemies. [demonic ancestry]
   223 | D:1      | Reached XP level 2. HP: 24/24 MP: 2/2
  1042 | D:2      | Found a faded altar of an unknown god.
  1049 | D:2      | Gained mutation: You are partially covered in molten
                  | scales. (AC +2) [demonic ancestry]
  1049 | D:2      | Reached XP level 3. HP: 29/29 MP: 3/3
  1055 | D:2      | Prayed at the altar of an unknown god.
  1055 | D:2      | Became a worshipper of Warmaster Okawaru
  1055 | D:2      | Reached * piety under Okawaru
  1269 | D:2      | Found Cotwuock's Armour Shop.
  1854 | D:3      | Identified the amulet of Xom's Benevolence {Spirit Rampage
                  | Int-2 Dex+5}
  1885 | D:3      | Noticed a water elemental
  1902 | D:3      | Gained mutation: You may rarely emit foul miasma when
                  | damaged in melee. [demonic ancestry]
  1902 | D:3      | Reached XP level 4. HP: 32/35 MP: 2/4
  2027 | D:3      | Reached skill level 3 in Axes
  2089 | D:3      | Noticed an ogre
  2095 | D:3      | Killed an ogre
  2096 | D:3      | Gained mutation: Your touch may inflict minor irresistible
                  | damage on your foes. [demonic ancestry]
  2096 | D:3      | Reached XP level 5. HP: 6/42 MP: 0/5
  2377 | D:3      | Found a stormy altar of Qazlal.
  2379 | D:3      | Noticed a fire elemental
  2379 | D:3      | Noticed an air elemental
  2756 | D:3      | Found a sacrificial altar of Ru.
  2831 | D:3      | Found a burning altar of Makhleb.
  2831 | D:3      | Found a blossoming altar of Fedhas.
  2919 | D:3      | Reached ** piety under Okawaru
  2950 | D:3      | Reached skill level 4 in Axes
  2950 | D:3      | Gained mutation: Your touch may inflict irresistible damage
                  | on your foes. [demonic ancestry]
  2950 | D:3      | Reached XP level 6. HP: 21/48 MP: 6/6
  3340 | D:4      | Found a hazy altar of Hepliaklqana.
  3834 | D:5      | Entered Level 5 of the Dungeon
  3856 | D:5      | Noticed Grinder
  3865 | D:5      | Killed Grinder
  3866 | D:5      | Gained mutation: You are mostly covered in molten scales.
                  | (AC +3) [demonic ancestry]
  3866 | D:5      | Reached XP level 7. HP: 54/55 MP: 7/7
  3879 | D:5      | Noticed Sigmund
  3904 | D:5      | Killed Sigmund
  3905 | D:5      | Reached skill level 5 in Axes
  4065 | D:5      | Reached *** piety under Okawaru
  4066 | D:5      | Killed from afar by an orc priest

Illustrated notes

Levels and vault maps discovered:
D:1:      wheals_arrival_linesprint, layout_rooms
D:2:      layout_loops_corners, serial_shops, nicolae_diamond_shop,
          shapermc_ecumenical_altar_pompeii, basic_altar
D:3:      kennysheep_six_static_rooms, layout_rooms,
          gammafunk_temple_overflow_wave, nicolae_qazlal_style_of_elements,
          hangedman_ru_absence, grunt_ministairs_11
D:4:      layout_loops_ring, mainiacjoe_overflow_small_starburst
D:5:      layout_basic, uniq_sigmund, uniq_grinder

Skill      XL: |  1  2  3  4  5  6  7 |
---------------+----------------------+-----
Axes           | 2 3 4 5 |  5.2
Shields        | 3 4 |  4.3
Armour         | 3 4 |  4.3
Fighting       | 4 |  4.8

Action                   |  1- 3 |  4- 6 |  7- 9 || total
-------------------------+-------+-------+-------++-------
Melee: War axe           |   122 |   127 |    30 ||   279
  Use: Scroll            |     3 |     4 |       ||     7
       Potion            |       |       |     1 ||     1
Armor: Scale mail        |    19 |       |       ||    19
       Plate armour      |    55 |   110 |    23 ||   188
Dodge: Dodged            |    41 |    28 |    10 ||    79
Block: Buckler           |    33 |    34 |     6 ||    73
